 Dungeon Crawl Stone Soup version 0.24-a0-584-g9d6b971 (webtiles) character file.

Game seed: 10863101014806511186, levelgen mode: deterministic

338 Firecrotchwizard the Slasher (level 6, 0/56 HPs)
             Began as a Minotaur Gladiator on Sept 5, 2019.
             Slain by an orc wizard
             ... wielding a +2 dagger of protection
              (2 damage)
             ... on level 4 of the Dungeon.
             The game lasted 00:08:39 (3009 turns).

Firecrotchwizard the Slasher (Minotaur Gladiator)   Turns: 3009, Time: 00:08:39

Health: 0/56       AC:  6    Str: 16 (18) XL:     6   Next: 29%
Magic:  5/5        EV: 12    Int:  2 (5)  God:
Gold:   123        SH:  0    Dex: 13 (14) Spells: 5/5 levels left

rFire    . . .     SeeInvis .   a - +0 long sword
rCold    . . .     Gourm    .   (no shield)
rNeg     . . .     Faith    .   r - +0 scale mail
rPois    .         Spirit   .   c - +0 hat
rElec    .         Reflect  .   (no cloak)
rCorr    .         Harm     .   (no gloves)
MR       .....                  (no boots)
Stlth    +.........             (no amulet)
HPRegen  0.18/turn              j - ring of stealth {Stlth+}
MPRegen  0.09/turn              (no ring)

@: no status effects
A: retaliatory headbutt, horns 2
a: no special abilities


You were on level 4 of the Dungeon.
You were not hungry.

You visited 1 branch of the dungeon, and saw 4 of its levels.

You collected 123 gold pieces.

Inventory:

Hand Weapons
 a - a +0 long sword (weapon)
Missiles
 d - 3 throwing nets {=f, !d}
Armour
 b - a +0 leather armour
 c - a +0 hat (worn)
 k - a +0 ring mail
   (You found it on level 1 of the Dungeon)
 m - a +0 leather armour
   (You took it off an orc on level 3 of the Dungeon)
 r - a +0 scale mail (worn)
   (You took it off an orc on level 3 of the Dungeon)
Jewellery
 j - a ring of stealth (left hand) {Stlth+}
   (You found it on level 1 of the Dungeon)
Scrolls
 e - a scroll of teleportation {unknown}
 h - 2 scrolls of magic mapping {unknown}
 i - 4 scrolls of remove curse {unknown}
 n - 3 scrolls of identify {unknown}
 o - 4 scrolls of enchant weapon {unknown}
 p - a scroll of immolation {unknown}
 q - a scroll of blinking {unknown}
 t - a scroll of amnesia {unknown}
Potions
 g - a potion of haste {unknown}
 l - a potion of degeneration {!q}
 u - a potion of curing {unknown}
Comestibles
 f - 11 rations
 s - 3 chunks of flesh {@w0}


   Skills:
 + Level 5.0 Fighting
 + Level 5.7 Long Blades
 - Level 2.0 Throwing
 + Level 5.2 Dodging


You had 5 spell levels left.
You didn't know any spells.
Your spell library was empty.

Dungeon Overview and Level Annotations

Branches:
Dungeon (4/15)
 Temple: D:4-7

Altars:
Wu Jian

Annotations:
D:2 Sigmund


Innate Abilities, Weirdness & Mutations

You reflexively headbutt those who attack you in melee.
You have a pair of horns on your head.


Message History

You hit the orc wizard.
The orc wizard hits you but does no damage.
You slash the orc wizard!
The orc wizard hits you but does no damage. x2
The orc wizard hits you with a +2 dagger of protection.
You take 3 damage, and have 53/56 hp.
You hit the orc wizard but do no damage.
The orc wizard barely misses you. The orc wizard closely misses you.
You furiously retaliate!
You headbutt the orc wizard, but do no damage.
The orc wizard misses you.
You closely miss the orc wizard.
The orc wizard hits you but does no damage. x2
The orc wizard gestures at you while chanting.
You resist with some effort.
You closely miss the orc wizard. Your headbutt misses the orc wizard.
The orc wizard points at you and mumbles some strange words.
The puff of flame hits you.
The orc wizard hits you but does no damage.
The orc wizard closely misses you.
You take 6 damage, and have 48/56 hp.
You closely miss the orc wizard. Your headbutt misses the orc wizard.
The orc wizard looks encouraged for a moment.
The orc wizard hits you with a +0 dagger.
The orc wizard hits you but does no damage.
You take 3 damage, and have 45/56 hp.
You hit the orc wizard.
The orc wizard points at you and mumbles some strange words.
The magic dart hits you.
The orc wizard hits you but does no damage.
You take 3 damage, and have 42/56 hp.
You are too injured to fight recklessly!
You are too injured to fight recklessly!
You barely miss the orc wizard. Your headbutt misses the orc wizard.
The orc wizard gestures at you while chanting.
The magic dart hits you. The orc wizard closely misses you.
The orc wizard hits you with a +2 dagger of protection.
You take 3 damage, and have 39/56 hp.
You hit the orc wizard but do no damage.
The orc wizard barely misses you.
The orc wizard hits you but does no damage. x2
You hit the orc wizard but do no damage.
Your headbutt misses the orc wizard.
The orc wizard hits you but does no damage.
The orc wizard hits you with a +2 dagger of protection.
You take 2 damage, and have 37/56 hp.
You barely miss the orc wizard.
The orc wizard hits you with a +2 dagger of protection.
The orc wizard points at you and mumbles some strange words.
The magic dart hits you!
The orc wizard hits you with a +2 dagger of protection.
The orc wizard hits you with a +0 dagger.
You take 16 damage, and have 21/56 hp.
MASSIVE DAMAGE!!
You hit the orc wizard but do no damage.
The orc wizard gestures at you while chanting.
The puff of frost hits you but does no damage.
The orc wizard hits you but does no damage.
The orc wizard gestures at you while chanting.
The puff of flame hits you!
* * * LOW HITPOINT WARNING * * *
You take 9 damage, and have 12/56 hp.
You closely miss the orc wizard. Your headbutt misses the orc wizard.
The orc wizard misses you.
The orc wizard hits you but does no damage.
You hit the orc wizard. You headbutt the orc wizard.
The orc wizard hits you with a +2 dagger of protection.
* * * LOW HITPOINT WARNING * * *
The orc wizard barely misses you. x2; You furiously retaliate!
You headbutt the orc wizard, but do no damage.
You take 2 damage, and have 11/56 hp.
You hit the orc wizard but do no damage.
The orc wizard hits you with a +2 dagger of protection.
* * * LOW HITPOINT WARNING * * *
The orc wizard hits you but does no damage.
The orc wizard hits you with a +2 dagger of protection.
* * * LOW HITPOINT WARNING * * *
You take 4 damage, and have 7/56 hp.
You hit the orc wizard but do no damage.
You headbutt the orc wizard, but do no damage.
The orc wizard gestures at you while chanting.
The magic dart hits you.
* * * LOW HITPOINT WARNING * * *
The orc wizard completely misses you. You furiously retaliate!
You headbutt the orc wizard, but do no damage.
You take 4 damage, and have 3/56 hp.
You hit the orc wizard. The orc wizard misses you.
The orc wizard hits you but does no damage.
The orc wizard points at you and mumbles some strange words.
The puff of flame hits you.
* * * LOW HITPOINT WARNING * * *
You take 1 damage, and have 2/56 hp.
It was a potion of degeneration.
There was something very wrong with that liquid.
You feel weakened.
You feel dopey.
You feel clumsy.
The orc wizard hits you but does no damage. x2
The orc wizard hits you with a +2 dagger of protection.
You die...

#.......(..##
.....#
#..........#
......
##.........##
......#
##............
.......
###)....###..
.......
##.....### #
....?..###....###
......o#....###
......o@)..##
.........###
........##
......### #...##
..## .


You could see 2 orc wizards.

Vanquished Creatures
  Blork the orc (D:4)
  An orc priest (D:3)
  Natasha (twice) (D:2)
  An orc wizard (D:4)
  3 gnolls (D:2)
  3 adders
  An ooze (D:3)
  3 worms
  3 dart slugs
  2 leopard geckos
  8 orcs
  8 bats
  8 giant cockroaches
  11 goblins
  7 hobgoblins
  A quokka (D:3)
  2 ball pythons
  4 frilled lizards
  11 kobolds
  A leopard gecko skeleton (D:3)
  8 rats
89 creatures vanquished.

Notes
Turn   | Place    | Note
-------+----------+-------------------------------------------
     0 | D:1      | Firecrotchwizard the Minotaur Gladiator began the quest for
                  | the Orb.
     0 | D:1      | Reached XP level 1. HP: 18/18 MP: 0/0
   238 | D:1      | Reached XP level 2. HP: 25/25 MP: 1/1
   320 | D:1      | Reached skill level 4 in Long Blades
   392 | D:1      | Reached skill level 3 in Fighting
   720 | D:1      | Reached XP level 3. HP: 24/31 MP: 2/2
  1085 | D:2      | Noticed Sigmund
  1367 | D:2      | Reached skill level 4 in Dodging
  1615 | D:2      | Reached XP level 4. HP: 37/38 MP: 3/3
  1938 | D:2      | Noticed Natasha
  1941 | D:2      | Killed Natasha
  1941 | D:2      | Reached skill level 4 in Fighting
  1994 | D:2      | Noticed Natasha
  2008 | D:3      | Reached skill level 5 in Long Blades
  2008 | D:3      | Reached XP level 5. HP: 37/46 MP: 4/4
  2038 | D:2      | Killed Natasha
  2332 | D:3      | Found an ornate altar of the Wu Jian Council.
  2827 | D:4      | Noticed Blork the orc
  2842 | D:4      | Killed Blork the orc
  2842 | D:4      | Reached skill level 5 in Dodging
  2842 | D:4      | Reached XP level 6. HP: 31/55 MP: 5/5
  2989 | D:4      | Reached skill level 5 in Fighting
  3003 | D:4      | HP: 12/56 [orc wizard/puff of flame (9)]
  3007 | D:4      | HP: 3/56 [orc wizard/magic dart (4)]
  3009 | D:4      | Slain by an orc wizard

Levels and vault maps discovered:
D:1:      tarquinn_simple_flora_water_b, layout_basic, glass_columns_a
D:2:      layout_loops_corners, first_ration, uniq_natasha, uniq_sigmund
D:3:      layout_loops_cross, lemuel_doored_altar
D:4:      layout_cave_pods, uniq_blork_the_orc, uniq_ijyb, uniq_eustachio

Skill      XL: |  1  2  3  4  5  6 |
---------------+-------------------+-----
Long Blades    | 4 5 |  5.7
Fighting       | 3 4 5 |  5.0
Dodging        | 4 5 |  5.2
Throwing       | |  2.0

Action                   |  1- 3 |  4- 6 || total
-------------------------+-------+-------++-------
Melee: Long sword        |    91 |   124 ||   215
       Headbutt          |    17 |    22 ||    39
  Use: Potion            |       |     1 ||     1
 Stab: Sleeping          |     6 |     4 ||    10
  Eat: Chunk             |     2 |     5 ||     7
Armor: Leather armour    |     9 |       ||     9
       Ring mail         |    12 |     5 ||    17
       Scale mail        |       |    37 ||    37
Dodge: Dodged            |    71 |    62 ||   133
       Rpst.: Long sword |    13 |    12 ||    25

Table legend:
 A = Non-vault XP
 B = Vault XP
 C = Vault XP percentage of total XP
 D = Non-vault monster count
 E = Vault monster count
 F = Vault count percentage of total count
                 A         B        C        D         E       F
            +---------+---------+-------+---------+---------+-------
      Total |     349 |     135 |  27.9 |      87 |       2 |   2.2
            +---------+---------+-------+---------+---------+-------
        D:1 |      46 |       0 |   0.0 |      27 |       0 |   0.0
        D:2 |     136 |      35 |  20.5 |      27 |       1 |   3.6
        D:3 |     122 |       0 |   0.0 |      29 |       0 |   0.0
        D:4 |      45 |     100 |  69.0 |       4 |       1 |  20.0
            +---------+---------+-------+---------+---------+-------

Levels and vault maps discovered:
D:1:      tarquinn_simple_flora_water_b, layout_basic, glass_columns_a
D:2:      layout_loops_corners, first_ration, uniq_natasha, uniq_sigmund
D:3:      layout_loops_cross, lemuel_doored_altar
D:4:      layout_cave_pods, uniq_blork_the_orc, uniq_ijyb, uniq_eustachio

Table legend:
 A = Turns spent in this place as a percentage of turns spent in the entire game.
 B = Non-inter-level travel turns spent in this place as a percentage of non-inter-level travel turns spent in the entire game.
 C = Inter-level travel turns spent in this place as a percentage of turns spent in this place.
 D = Turns resting spent in this place as a percentage of non-inter-level travel turns spent in this place.
 E = Turns spent auto-exploring this place as a percentage of non-inter-level travel turns spent in this place.
 F = Non-inter-level travel turns spent in this place divided by the number of levels of this place that you've seen.
                   A       B       C       D       E      F
               +-------+-------+-------+-------+-------+----------------------
         Total | 100.0 | 100.0 |   2.9 |  31.5 |  46.8 | 730.8
       Dungeon | 100.0 | 100.0 |   2.9 |  31.5 |  46.8 | 730.8
               +-------+-------+-------+-------+-------+----------------------

Table legend:
 A = Kills in this place as a percentage of kills in entire the game.
 B = Kills by you in this place as a percentage of kills by you in the entire game.
 C = Kills by friends in this place as a percentage of kills by friends in the entire game.
 D = Other kills in this place as a percentage of other kills in the entire game.
 E = Experience gained in this place as a percentage of experience gained in the entire game.
 F = Experience gained in this place divided by the number of levels of this place that you have seen.
                   A       B       C       D       E      F
               +-------+-------+-------+-------+-------+----------------------
         Total | 100.0 | 100.0 |   N/A |   N/A | 100.0 | 121.0
       Dungeon | 100.0 | 100.0 |   N/A |   N/A | 100.0 | 121.0
               +-------+-------+-------+-------+-------+----------------------
